 Dungeon Crawl Stone Soup version 0.30-a0-459-g9104f0fc43 (webtiles) character file.

Game seed: 1024956927551908429

14975 greenreed the Severer (level 12, -7/97 HPs)
             Began as a Formicid Fighter on Dec 15, 2022.
             Was an Elder of Wu Jian.
             Mangled by a white ugly thing (11 damage)
             ... on level 12 of the Dungeon.
             The game lasted 00:29:36 (14571 turns).

greenreed the Severer (Formicid Fighter)           Turns: 14571, Time: 00:29:36

Health: -7/97      AC: 22    Str: 25    XL:     12   Next: 51%
Magic:  12/12      EV:  8    Int:  9    God:    Wu Jian [****..]
Gold:   257        SH:  7    Dex: 13    Spells: 11/11 levels left

rFire   + . .      SeeInvis +    I - +4 battleaxe
rCold   + . .      Faith    +    W - +1 buckler "Kafigaus" {rF+ rC+ Will-}
rNeg    . . .      Spirit   .    G - +0 plate armour
rPois   +          Reflect  .    (helmet unavailable)
rElec   .          Harm     .    V - +2 cloak {rPois}
rCorr   .          Rampage  .    S - +0 pair of gloves
Will    .....                    (no boots)
Stlth   ..........               g - amulet of faith
HPRegen 0.36/turn                v - +4 ring of protection
MPRegen 0.13/turn                M - ring of poison resistance

@: mighty, serpent's lash
A: permanent stasis, dig shafts and tunnels, antennae 3, four strong arms
a: Dig, Shaft Self, Renounce Religion, Wall Jump, Serpent's Lash


You were on level 12 of the Dungeon.
You worshipped Wu Jian.
Wu Jian was greatly pleased with you.
You visited 2 branches of the dungeon, and saw 13 of its levels.
You also visited: Ossuary.

You collected 864 gold pieces.
You spent 607 gold pieces at shops.

Inventory:

Hand Weapons
 a - a +1 war axe
 b - a +4 dire flail of freezing
 I - a +4 battleaxe (weapon)
Missiles
 O - 20 poisoned darts
 T - a curare-tipped dart
Armour
 c - a +0 buckler
 G - a +0 plate armour (worn)
 S - a +0 pair of gloves (worn)
 V - a +2 cloak of poison resistance (worn)
 W - the +1 buckler "Kafigaus" (worn) {rF+ rC+ Will-}
   (You bought it in a shop on level 11 of the Dungeon)

   rF:        It protects you from fire.
   rC:        It protects you from cold.
   Will:      It decreases your willpower.
Jewellery
 g - an amulet of faith (around neck)
 v - a +4 ring of protection (left hand)
 D - an amulet of reflection
 M - a ring of poison resistance (right hand)
 Q - a +6 ring of strength
Wands
 m - a wand of polymorph (7)
 o - a wand of iceblast (17)
 B - a wand of quicksilver (1)
 C - a wand of flame (26)
 E - a wand of digging (4)
Scrolls
 e - 2 scrolls of enchant weapon
 f - 9 scrolls of magic mapping
 j - a scroll of vulnerability {unknown}
 n - 3 scrolls of noise {unknown}
 p - 2 scrolls of silence {unknown}
 s - 5 scrolls of fear {unknown}
 w - a scroll of enchant armour {unknown}
 y - 9 scrolls of identify {unknown}
 H - a scroll of poison {unknown}
 J - a scroll of amnesia {unknown}
 K - a scroll of immolation {unknown}
 L - 3 scrolls of summoning {unknown}
 P - 2 scrolls of fog {unknown}
 R - a scroll of acquirement {unknown}
Potions
 d - 3 potions of might
 h - a potion of curing
 k - a potion of magic {unknown}
 l - 4 potions of flight
 t - 4 potions of brilliance {unknown}
 u - 6 potions of attraction {unknown}
 x - 3 potions of mutation {unknown}
 A - 2 potions of invisibility
 N - a potion of heal wounds {unknown}
 U - 2 potions of ambrosia {unknown}
Miscellaneous
 X - a condenser vane
 Y - a lightning rod (4/4)


   Skills:
 * Level 10.0 Fighting
 * Level 15.0 Axes
 + Level 8.5 Armour
 + Level 2.5 Dodging
 + Level 0.7 Stealth
 + Level 7.3 Shields
 + Level 0.7 Evocations


You had 11 spell levels left.
You didn't know any spells.
Your spell library contained the following spells:

 Spells                   Type           Power      Damage    Failure   Level
 Beastly Appendage        Tmut           0%         N/A       99%         1
 Necrotise                Necr           0%         1d4       99%         1
 Shock                    Conj/Air       0%         1d3       99%         1
 Momentum Strike          Conj/Tloc      0%         3d8       100%        2
 Passwall                 Tmut/Erth      0%         N/A       100%        2
 Ignite Poison            Fire/Tmut/Pois 0%         N/A       100%        3
 Lesser Beckoning         Tloc           0%         N/A       100%        3
 Vhi's Electric Charge    Tloc/Air       0%         N/A       100%        3
 Airstrike                Air            0%         2d(0-16)  100%        4
 Animate Armour           Summ/Erth      0%         N/A       100%        4
 Sticky Flame             Conj/Fire      0%         2d3       100%        4
 Arcjolt                  Conj/Air       0%         1d10      100%        5
 Blade Hands              Tmut           0%         N/A       100%        5
 Iron Shot                Conj/Erth      0%         9d1       100%        6
 Borgnjor's Revivificati  Necr           0%         N/A       100%        8
 Ignition                 Fire           0%         3d3       100%        8
 Maxwell's Capacitive Co  Air            0%         ∞         100%        8
 Blink                    Tloc           Unusable   N/A       N/A         2
 Swiftness                Air            Unusable   N/A       N/A         3

Dungeon Overview and Level Annotations

Branches:
Dungeon (12/15)            Temple (1/1) D:4            Lair (0/5) D:9
    Orc (0/2) D:9         Ossuary (visited)

Altars:
Ashenzari
Cheibriados
Dithmenos
Elyvilon
Fedhas
Gozag
Hepliaklqana
Kikubaaqudgha
Makhleb
Nemelex Xobeh
Okawaru
Qazlal
Ru
Sif Muna
Trog
Uskayaw
Vehumet
Wu Jian
Xom
Yredelemnul
Zin
The Shining One

Shops:
D:3 *   D:11 [

Annotations:
D:12 2 transporters, exclusion: ice statue, lotum's ghost, journeyman FoFi


Innate Abilities, Weirdness & Mutations

You cannot be hasted, slowed, berserked, paralysed or teleported.
You can dig through walls and to a lower floor.
You have a pair of large antennae on your head. (SInv)
Your four strong arms can wield two-handed weapons with a shield.


Message History

The white ugly thing freezes you! You resist.
You are too injured to fight recklessly!
You closely miss the white ugly thing.
The white ugly thing is heavily wounded.
The white ugly thing tentacle-slaps you but does no damage.
You completely miss the white ugly thing.
The white ugly thing is heavily wounded.
You barely miss the cyclops.
The white ugly thing tentacle-slaps you.
The white ugly thing freezes you! You resist.
* * * LOW HITPOINT WARNING * * *
The cyclops hits you but does no damage.
Your muscles tense, ready for explosive movement...
You barely miss the white ugly thing.
The white ugly thing is heavily wounded.
You slash the cyclops!
The white ugly thing tentacle-slaps you.
* * * LOW HITPOINT WARNING * * *
The white ugly thing freezes you! You resist.
* * * LOW HITPOINT WARNING * * *
Your supernatural speed expires.
The yaktaur shouts!
The white ugly thing attacks as you move away!
The white ugly thing tentacle-slaps you.
* * * LOW HITPOINT WARNING * * *
The white ugly thing freezes you! You resist.
* * * LOW HITPOINT WARNING * * *
The cyclops throws a large rock.
You block the large rock.
You feel better. The white ugly thing barely misses you.
You feel very mighty all of a sudden.
You feel less exhausted.
The cyclops throws a large rock.
The large rock hits you but does no damage.
The white ugly thing tentacle-slaps you but does no damage.
Your muscles tense, ready for explosive movement...
You slash the white ugly thing!
The white ugly thing is heavily wounded.
The white ugly thing tentacle-slaps you.
* * * LOW HITPOINT WARNING * * *
The white ugly thing freezes you! You resist.
You die...

#...# #.............. #...#
#.######....... #..C# #.#
######## #####...# #.# .....[..#
######.# ........#####......#
#### ........C..........# #...
.......#####.......# #...
.......#...#..u@...# #<..
.......'...#.......# #[[.
.......#...#.......##########.).
.#####.#...#...©................
#.####[.#####..............
#......##WYc##............. #.#
#.....##.###H##............ #.#
#....##..~$~..##....#####.. #.#
#...##8......Y8##...#...#..


You could see a white ugly thing, a manticore, a cyclops, a yaktaur, a yak and
lotum's ghost.

Vanquished Creatures
  Gastronok (D:11)
  Josephine (D:11)
  A centaur warrior (D:12)
  2 skeletal warriors
  A deep elf pyromancer (D:12)
  2 cyclopes
  2 manticores
  A gargoyle (D:12)
  An unseen horror (D:10)
  A troll (D:12)
  A hornet (D:9)
  A vampire (D:10)
  3 wraiths (D:11)
  2 wyverns
  4 steam dragons
  7 yaks
  2 vampire mosquitoes (D:11)
  2 acid dragons
  Duvessa (D:5)
  5 orc warriors
  5 ice beasts
  2 sky beasts
  A swamp drake (D:9)
  3 black bears
  3 ogres
  A centaur (D:9)
  The ghost of Splishie the Cruncher, an amateur GnWn of Makhleb (D:3)
  3 phantoms (D:6)
  2 elf zombies (Ossuary)
  2 kobold brigands
  6 bullfrogs
  4 scorpions
  20 wights
  Dowan (D:5)
  10 killer bees
  2 howler monkeys
  2 orc priests (D:9)
  2 gnoll boudas
  5 hounds
  3 jellies
  2 human zombies (Ossuary)
  Jessica (D:2)
  Terence (D:2)
  3 iguanas
  10 orc wizards
  2 mummies (Ossuary)
  11 gnolls
  11 adders
  2 shadow imps
  A white imp (D:6)
  An ufetubus (D:4)
  An adder zombie (Ossuary)
  2 worms (D:3)
  4 dart slugs
  48 orcs
  6 endoplasms
  3 giant cockroaches
  6 goblins
  9 hobgoblins
  7 jackals
  7 quokkas
  10 ball pythons
  6 bats (D:2)
  3 frilled lizards
  7 hobgoblin zombies (Ossuary)
  2 jackal zombies (Ossuary)
  11 kobolds
  11 kobold zombies (Ossuary)
  11 orc zombies (Ossuary)
  4 rats
  A rat zombie (Ossuary)
323 creatures vanquished.

Vanquished Creatures (others)
  A centaur simulacrum (D:12)
  An orc (D:9)
  5 plants (D:11)
7 creatures vanquished.

Grand Total: 330 creatures vanquished

Notes
Turn   | Place    | Note
-------+----------+-------------------------------------------
     0 | D:1      | greenreed the Formicid Fighter began the quest for the Orb.
     0 | D:1      | Reached XP level 1. HP: 18/18 MP: 1/1
   171 | D:1      | Reached XP level 2. HP: 9/24 MP: 2/2
   632 | D:1      | Reached XP level 3. HP: 29/29 MP: 3/3
   765 | D:1      | Found a faded altar of an unknown god.
   953 | D:2      | Noticed Jessica
   963 | D:2      | Killed Jessica
   964 | D:2      | Reached skill level 3 in Axes
   964 | D:2      | Reached XP level 4. HP: 35/35 MP: 4/4
   990 | D:2      | You fall into a shaft and drop 2 floors!
  1055 | D:4      | Noticed a scorpion
  1070 | D:4      | Killed a scorpion
  1071 | D:4      | Reached XP level 5. HP: 26/42 MP: 5/5
  1139 | D:3      | Found a runed translucent gate.
  1139 | D:3      | Found a runed translucent gate.
  1139 | D:3      | Found a runed translucent gate.
  1525 | D:2      | Identified the +1 robe "Tusm" {-Tele rC+ rN+ Archmagi}
  1791 | D:2      | Noticed Terence
  1843 | D:2      | Killed Terence
  1844 | D:2      | Reached skill level 4 in Axes
  1996 | D:3      | Reached XP level 6. HP: 48/48 MP: 6/6
  2039 | D:3      | Noticed Splishie's ghost (amateur GnWn)
  2047 | D:3      | Killed Splishie's ghost
  2048 | D:3      | Reached skill level 1 in Dodging
  2048 | D:3      | Reached skill level 5 in Shields
  2357 | D:3      | Found Bephitzu's General Store.
  2366 | D:3      | Bought a scroll of magic mapping for 97 gold pieces
  2514 | D:3      | Found a hazy altar of Hepliaklqana.
  2516 | D:3      | Reached XP level 7. HP: 54/54 MP: 7/7
  2890 | D:4      | Reached skill level 5 in Axes
  3079 | D:4      | Found a staircase to the Ecumenical Temple.
  3099 | Temple   | Entered the Ecumenical Temple
  3762 | D:4      | Reached skill level 6 in Axes
  3762 | D:4      | Reached skill level 5 in Armour
  3762 | D:4      | Reached XP level 8. HP: 59/61 MP: 8/8
  3982 | D:5      | Entered Level 5 of the Dungeon
  4317 | D:5      | Noticed Dowan
  4317 | D:5      | Noticed Duvessa
  4516 | D:5      | Killed Duvessa
  4517 | D:5      | Reached skill level 5 in Fighting
  4520 | D:5      | Killed Dowan
  4521 | D:5      | Reached skill level 7 in Axes
  5290 | D:6      | Reached XP level 9. HP: 69/69 MP: 9/9
  5349 | D:6      | Reached skill level 8 in Axes
  5706 | D:6      | Reached skill level 9 in Axes
  5814 | D:6      | Found an ornate altar of the Wu Jian Council.
  5857 | D:6      | Became a worshipper of the Wu Jian Council
  6312 | D:7      | Reached skill level 10 in Axes
  6312 | D:7      | Reached XP level 10. HP: 57/77 MP: 10/10
  6495 | D:7      | Reached * piety under Wu Jian
  6565 | D:7      | Found a sand-covered staircase.
  6573 | Ossuary  | Entered an ossuary
  6856 | Ossuary  | Reached ** piety under Wu Jian
  7613 | D:8      | Noticed a skeletal warrior
  7617 | D:8      | Noticed a skeletal warrior
  7986 | D:8      | Found a burning altar of Makhleb.
  8023 | D:8      | Reached skill level 11 in Axes
  8105 | D:8      | Found a shimmering altar of Xom.
  8329 | D:8      | Noticed a skeletal warrior
  8444 | D:8      | Found a shadowy altar of Dithmenos.
  8899 | D:9      | Found a staircase to the Lair.
  9260 | D:9      | Found an iron altar of Okawaru.
  9300 | D:9      | Found a white marble altar of Elyvilon.
  9360 | D:9      | Reached *** piety under Wu Jian
  9505 | D:9      | Reached XP level 11. HP: 81/86 MP: 11/11
  9551 | D:9      | Reached skill level 12 in Axes
  9949 | D:9      | Found a staircase to the Orcish Mines.
 10138 | D:9      | Noticed a cyclops
 10145 | D:9      | Killed a cyclops
 10428 | D:10     | Entered Level 10 of the Dungeon
 10720 | D:10     | Reached skill level 13 in Axes
 10815 | D:10     | Found a basalt altar of Yredelemnul.
 10855 | D:10     | Reached **** piety under Wu Jian
 10919 | D:10     | Killed a skeletal warrior
 12024 | D:11     | Got Amabi's Incunable of the Figure and the Undead
 12188 | D:11     | Noticed Gastronok
 12199 | D:11     | Killed Gastronok
 12274 | D:11     | Killed a skeletal warrior
 12499 | D:11     | Found Digg's Antique Armour Boutique.
 12517 | D:11     | Bought an embroidered cloak for 225 gold pieces
 12517 | D:11     | Bought a jewelled buckler for 285 gold pieces
 12517 | D:11     | Identified the +1 buckler "Kafigaus" {rF+ rC+ Will-} (You
                  | bought it in a shop on level 11 of the Dungeon)
 12561 | D:11     | Noticed Josephine
 12568 | D:11     | Noticed a boulder beetle
 12570 | D:11     | Killed Josephine
 12571 | D:11     | Reached XP level 12. HP: 71/96 MP: 12/12
 12573 | D:11     | Reached skill level 14 in Axes
 13684 | D:12     | Found a transporter.
 13786 | D:12     | Noticed lotum's ghost (journeyman FoFi)
 13912 | D:12     | Found a transporter.
 13952 | D:12     | Noticed a centaur warrior
 13968 | D:12     | Killed a centaur warrior
 13969 | D:12     | Reached skill level 10 in Fighting
 13969 | D:12     | Reached skill level 15 in Axes
 14568 | D:12     | HP: 2/97 [white ugly thing (11)]
 14571 | D:12     | Mangled by a white ugly thing

Illustrated notes

Levels and vault maps discovered:
D:1:      amcnicky_arrival_blooded_trapdoor, layout_loops_ring,
          hellmonk_ecumenical_altar_prayer_group
D:2:      layout_loops_cross, uniq_jessica, uniq_terence
D:3:      layout_basic, overflow_temple_1_default, serial_shops, shop,
          ebering_ghost_rock_garden
D:4:      minmay_thinvault, layout_rooms, minmay_temple_entry_statues,
          kennysheep_generic_room_12
D:5:      layout_gridville, uniq_duvessa
D:6:      layout_loops_corners, nzn_wu_jian_council_hall,
          roderic_serpentine_path
D:7:      layout_basic, chequers_ossuary_entry_cave
D:8:      layout_loops_cross, mainiacjoe_overflow_small_starburst,
          lemuel_tele_altar, mainiacjoe_overflow_alcove_2, minmay_holes
D:9:      layout_basic, jmf_multi_god_temple, dpeg_oklobed_lair, erik_orc_1,
          minmay_door_square
D:10:     layout_layer_cave, lemuel_crystal_altar
D:11:     layout_basic, serial_shops, nicolae_shop_overgrown_old_shop,
          uniq_josephine, uniq_gastronok
D:12:     layout_irregular_city, nzn_ghost_randoct
Temple:   nicolae_temple_great_sept

Skill      XL: |  1  2  3  4  5  6  7  8  9 10 11 12 |
---------------+-------------------------------------+-----
Axes           | 3 4 6 7 10 11 13 15 | 15.0
Armour         | 4 5 6 7 8 |  8.5
Fighting       | 4 5 6 8 9 10 | 10.0
Dodging        | 1 2 |  2.5
Shields        | 5 6 7 |  7.3
Stealth        | |  0.7
Evocations     | |  0.7

Action                   |  1- 3 |  4- 6 |  7- 9 | 10-12 || total
-------------------------+-------+-------+-------+-------++-------
Melee: War axe           |    93 |   135 |   371 |   203 ||   802
       Unarmed           |       |     6 |       |       ||     6
       Battleaxe         |       |       |       |   340 ||   340
Invok: Lunge             |       |       |     6 |    54 ||    60
       Whirlwind         |       |       |       |     9 ||     9
       Serpent's Lash    |       |       |       |     3 ||     3
Evoke: Wand              |       |       |       |     6 ||     6
  Use: Scroll            |       |     3 |       |       ||     3
       Potion            |       |     2 |       |     4 ||     6
Armor: Scale mail        |    34 |    79 |   154 |       ||   267
       Plate armour      |       |       |       |   231 ||   231
Dodge: Dodged            |    30 |    78 |   152 |   163 ||   423
Block: Buckler           |    25 |    36 |   132 |   139 ||   332

Table legend: (Time is in decaauts)
 A = Elapsed time spent in this place.
 B = Non-inter-level travel time spent in this place.
 C = Inter-level travel time spent in this place.
 D = Time resting spent in this place.
 E = Time spent auto-exploring this place.
 F = Levels seen in this place.
 G = Mean time per level.
                   A        B        C        D        E       F      G
               +--------+--------+--------+--------+--------+-----+--------+
         Total |  14728 |  14036 |    692 |     61 |  11006 |  14 | 1052.0 |
       Dungeon |  14248 |  13556 |    692 |     61 |  10738 |  12 | 1187.3 |
        Temple |    110 |    110 |      0 |      0 |     60 |   1 |  110.0 |
       Ossuary |    368 |    368 |      0 |      0 |    208 |   1 |  368.0 |
               +--------+--------+--------+--------+--------+-----+--------+

Top non-repeatable levels by time:
    D:10: 1640 daAuts
     D:9: 1599 daAuts
     D:7: 1478 daAuts
     D:4: 1387 daAuts
    D:11: 1386 daAuts
     D:8: 1148 daAuts
     D:3: 983 daAuts
     D:6: 970 daAuts
     D:1: 958 daAuts
    D:12: 954 daAuts
     D:5: 950 daAuts
     D:2: 791 daAuts
 Ossuary: 368 daAuts
  Temple: 110 daAuts
